 Dungeon Crawl Stone Soup version 0.26-a0-652-gafc20e3620 (webtiles) character file.

Game seed: 16280646229669177490

65247 miket3c the Executioner (level 14, -8/129 HPs)
             Began as a Minotaur Berserker on Oct 3, 2020.
             Was a High Priest of Trog.
             Mangled by an orc warrior
             ... wielding a +0 scimitar
              (10 damage)
             ... on level 2 of the Orcish Mines.
             The game lasted 00:58:28 (20702 turns).

miket3c the Executioner (Minotaur Berserker)       Turns: 20702, Time: 00:58:28

Health: -8/129     AC: 24    Str: 28    XL:     14   Next: 74%
Magic:  13/13      EV:  9    Int:  4    God:    Trog [*****.]
Gold:   1496       SH:  0    Dex:  9    Spells: 13/13 levels left

rFire    . . .     SeeInvis .   a - +3 executioner's axe (freeze)
rCold    . . .     Faith    +   (shield currently unavailable)
rNeg     + . .     Spirit   .   q - +3 plate armour
rPois    .         Reflect  .   (helmet restricted)
rElec    .         Harm     .   O - +2 cloak {Stlth+}
rCorr    .         Rampage  .   u - +0 pair of gloves
MR       +++..                  (no boots)
Stlth    ..........             I - amulet of faith
HPRegen  1.31/turn              w - +4 ring of slaying
MPRegen  0.13/turn              Z - ring of positive energy

@: mighty, berserk cooldown, regenerating, slowed, very slow
A: retaliatory headbutt, horns 2
a: Berserk, Trog's Hand, Brothers in Arms, Renounce Religion


You were on level 2 of the Orcish Mines.
You worshipped Trog.
Trog was extremely pleased with you.
You visited 3 branches of the dungeon, and saw 20 of its levels.

You collected 1660 gold pieces.
You spent 164 gold pieces at shops.

Inventory:

Hand Weapons
 a - a +3 executioner's axe of freezing (weapon)
 k - a +1 battleaxe of flaming
 l - a +0 broad axe
 y - a +5 battleaxe of flaming
Missiles
 i - 723 stones (quivered)
 t - 19 boomerangs
 v - 45 poisoned darts
 D - 5 javelins
Armour
 q - a +3 plate armour (worn)
 u - a +0 pair of gloves (worn)
 O - a +2 cloak of stealth (worn)
 S - a +2 plate armour of fire resistance
 X - a +1 robe of cold resistance
Jewellery
 w - a +4 ring of slaying (left hand)
 F - an uncursed ring of protection from fire {unknown}
 I - an amulet of faith (around neck)
 N - a +6 ring of strength {unknown}
 Y - an uncursed ring of fire
 Z - a ring of positive energy (right hand)
Wands
 b - a wand of iceblast (17)
 s - a wand of disintegration (49)
 Q - a wand of acid (20)
 U - a wand of digging (3)
 W - a wand of flame (31)
Scrolls
 c - 3 scrolls of immolation
 d - 5 scrolls of remove curse
 g - 19 scrolls of identify
 n - 11 scrolls of teleportation
 o - 4 scrolls of magic mapping
 x - 5 scrolls of amnesia
 C - a scroll of noise {unknown}
 E - 2 scrolls of random uselessness
 H - 2 scrolls of blinking
 J - a scroll of fog
 P - a scroll of torment
Potions
 e - 3 potions of stabbing {unknown}
 f - 3 potions of might
 h - a potion of invisibility {unknown}
 j - 3 potions of lignification
 m - 2 potions of resistance {unknown}
 p - 4 potions of flight
 r - 2 potions of cancellation {unknown}
 z - 8 potions of curing
 A - 4 potions of berserk rage {unknown}
 B - 2 potions of heal wounds {unknown}
 G - a potion of ambrosia {unknown}
 K - 3 potions of degeneration {unknown}
 L - 2 potions of haste {unknown}
 M - 2 potions of brilliance {unknown}
 R - a potion of magic {unknown}


   Skills:
 + Level 13.1 Fighting
 * Level 22.4 Axes
 + Level 3.3 Throwing
 + Level 13.3 Armour
 + Level 3.2 Dodging
 - Level 0.1 Stealth


You had 13 spell levels left.
You didn't know any spells.
Your spell library was empty.

Dungeon Overview and Level Annotations

Branches:
Dungeon (12/15)            Temple (0/1) D:4            Lair (6/6) D:8
 Shoals (0/4) Lair:2        Snake (0/4) Lair:2        Slime (0/5) Lair:5
    Orc (2/2) D:10            Elf (0/3) Orc:2

Altars:
Fedhas
Nemelex Xobeh
Okawaru
Qazlal
Ru
Trog
Wu Jian
The Shining One

Shops:
D:5 ?   D:6 *   D:8 *   Orc:2 (*

Portals:
Trove: D:10 (give horn of Geryon)

Annotations:
D:8 Lair
D:10 Mines
Lair:2 Snake Pit and Shoals
Lair:5 Slime Pits


Innate Abilities, Weirdness & Mutations

You reflexively headbutt those who attack you in melee.
You have a pair of horns on your head.


Message History

The orc warlord hits you but does no damage.
The orc warrior hits you with a +0 scimitar!
* * * LOW HITPOINT WARNING * * *
The orc warrior throws a boomerang.
The boomerang completely misses you.
The weapon returns to the orc warrior!
You feel better.
The orc warrior throws a boomerang.
The boomerang hits you but does no damage.
The weapon returns to the orc warrior!
The orc warrior closely misses you. You furiously retaliate!
You headbutt the orc warrior. The orc warlord closely misses you.
You feel better.
The orc warrior throws a boomerang.
The boomerang hits you.
* * * LOW HITPOINT WARNING * * *
The weapon returns to the orc warrior!
The orc warrior barely misses you.
The orc warlord hits you with a +0 battleaxe!!
* * * LOW HITPOINT WARNING * * *
The orc warrior throws a boomerang.
The boomerang hits you.
* * * LOW HITPOINT WARNING * * *
The weapon returns to the orc warrior!
The orc warrior hits you with a +0 scimitar!
You die...

......P......P..).#...
...........∩.....)......
........................
....##..P.))..P...#.#...
.........))))..........#
.........†[†..........##
..........#..).........####
..........o.............#..
..........@o...............
..........................#
#..............#...........
#.#................[.......
......o...#........[[.[....
o......†......[.......[....
.<...#..........#..[[[..[..
..###.#.......[#...)()[[.>)
#.......[........[.[[#..


You could see an orc warlord and 2 orc warriors.

Vanquished Creatures
  An orc warlord (Orc:2)
  6 hydras
  Fannar (Lair:1)
  A centaur warrior (D:11)
  4 two-headed ogres
  An orc high priest (Orc:2)
  11 death yaks (Lair:6)
  A fire crab (Lair:6)
  Pikel (D:6)
  5 orc knights (Orc:2)
  2 orc sorcerers
  4 cyclopes (D:11)
  16 elephants
  2 manticores (D:11)
  Maurice (D:8)
  A centaur zombie (D:11)
  7 black mambas
  11 cane toads
  5 komodo dragons
  4 rime drakes
  6 trolls
  3 polar bears
  A hornet (D:11)
  14 blink frogs
  6 hippogriffs
  Sigmund (D:5)
  A shadow (D:11)
  4 wyverns
  2 basilisks
  50 yaks
  A steam dragon (D:11)
  Grum (D:9)
  Menkaure (D:6)
  3 nagas (Lair:2)
  3 wargs (Orc:2)
  Edmund (D:4)
  6 water moccasins
  7 porcupines
  12 ice beasts
  16 orc warriors
  10 ogres
  A phantom (D:11)
  12 centaurs
  16 wolves
  15 crocodiles
  7 big kobolds
  8 bullfrogs
  2 gnoll sergeants (D:10)
  A wyvern skeleton (D:9)
  7 scorpions
  A water moccasin skeleton (D:9)
  2 killer bees (D:11)
  2 bullfrog zombies
  Crazy Yiuf (D:7)
  6 hounds
  A jelly (D:6)
  4 centaur skeletons
  11 orc priests
  14 orc wizards
  5 iguanas
  6 worker ants
  A killer bee zombie (D:5)
  A hound skeleton (D:4)
  A worker ant zombie (D:10)
  A gnoll (D:10)
  12 adders
  7 shadow imps
  5 white imps
  An ufetubus (D:10)
  An adder zombie (D:5)
  5 adder skeletons
  8 worms
  5 dart slugs
  5 leopard geckos
  62 orcs
  6 ball pythons
  6 bats
  3 giant cockroaches
  5 goblins
  6 hobgoblins
  11 jackals
  3 quokkas
  3 frilled lizards
  2 jackal skeletons
  39 kobolds
  A leopard gecko skeleton (D:4)
  A leopard gecko zombie (D:5)
  A quokka skeleton (D:6)
  10 rats
568 creatures vanquished.

Vanquished Creatures (collateral kills)
  An ettin (Orc:2)
  An orc high priest (Orc:2)
  2 trolls (Orc:2)
  5 orc warriors (Orc:2)
  2 ogres (Orc:2)
  A killer bee (D:11)
  An orc wizard (Orc:2)
  4 orcs (Orc:2)
17 creatures vanquished.

Vanquished Creatures (others)
  A bush (D:8)
  56 fungi
  91 plants
148 creatures vanquished.

Grand Total: 733 creatures vanquished

Notes
Turn   | Place    | Note
-------+----------+-------------------------------------------
     0 | D:1      | miket3c the Minotaur Berserker began the quest for the Orb.
     0 | D:1      | Reached XP level 1. HP: 19/19 MP: 0/0
   270 | D:1      | Reached XP level 2. HP: 9/27 MP: 1/1
   773 | D:1      | Reached skill level 4 in Axes
  1258 | D:1      | Reached XP level 3. HP: 33/33 MP: 2/2
  1448 | D:2      | Found a faded altar of an unknown god.
  1896 | D:2      | Found a sparkling altar of Nemelex Xobeh.
  1896 | D:2      | Found a glowing golden altar of the Shining One.
  1898 | D:2      | Found an ornate altar of the Wu Jian Council.
  1929 | D:2      | Reached ** piety under Trog
  2052 | D:2      | Reached XP level 4. HP: 37/41 MP: 3/3
  2229 | D:2      | Reached skill level 5 in Axes
  2740 | D:3      | Found a glowing drain.
  2936 | D:3      | Reached XP level 5. HP: 22/47 MP: 4/4
  3658 | D:4      | Noticed an orc warrior
  3667 | D:4      | Reached skill level 6 in Axes
  3672 | D:4      | Killed an orc warrior
  3672 | D:4      | Reached skill level 5 in Fighting
  3672 | D:4      | Reached XP level 6. HP: 29/56 MP: 5/5
  3880 | D:4      | Reached *** piety under Trog
  4081 | D:4      | Found a staircase to the Ecumenical Temple.
  4086 | D:4      | Reached skill level 7 in Axes
  4108 | D:4      | Noticed Edmund
  4128 | D:4      | Killed Edmund
  4128 | D:4      | Reached XP level 7. HP: 60/61 MP: 6/6
  4195 | D:4      | Noticed a moth of wrath
  4197 | D:4      | Found a bloodstained altar of Trog.
  4495 | D:4      | Reached skill level 8 in Axes
  4495 | D:4      | Reached skill level 5 in Armour
  4668 | D:5      | Entered Level 5 of the Dungeon
  4737 | D:5      | Found a sacrificial altar of Ru.
  4808 | D:5      | Reached skill level 9 in Axes
  4943 | D:5      | Reached XP level 8. HP: 70/70 MP: 7/7
  5123 | D:5      | Found Jisa Ucs's Magic Scroll Emporium.
  5129 | D:5      | Bought a scroll of enchant armour for 82 gold pieces
  5129 | D:5      | Bought a scroll of enchant weapon for 82 gold pieces
  5158 | D:5      | Noticed Sigmund
  5185 | D:5      | Killed Sigmund
  5185 | D:5      | Reached skill level 10 in Axes
  5936 | D:6      | Noticed Menkaure
  5938 | D:6      | Killed Menkaure
  5947 | D:6      | Reached skill level 11 in Axes
  5975 | D:6      | Reached **** piety under Trog
  5984 | D:6      | Noticed Pikel
  5990 | D:6      | Killed Pikel
  5990 | D:6      | Reached skill level 12 in Axes
  5990 | D:6      | Reached XP level 9. HP: 78/78 MP: 8/8
  6139 | D:6      | Found Fast's Assorted Antiques.
  6659 | D:7      | Reached skill level 13 in Axes
  7028 | D:7      | Found a runed translucent door.
  7029 | D:7      | Noticed Crazy Yiuf
  7255 | D:7      | Found an iron altar of Okawaru.
  7255 | D:7      | Found a stormy altar of Qazlal.
  7447 | D:7      | Killed Crazy Yiuf
  7499 | D:8      | Found Atoamisch's General Store.
  7640 | D:8      | Noticed Maurice
  7833 | D:8      | Killed Maurice
  7833 | D:8      | Reached skill level 14 in Axes
  7833 | D:8      | Reached XP level 10. HP: 86/86 MP: 9/9
  7870 | D:8      | Reached skill level 1 in Throwing
  7889 | D:8      | Found a staircase to the Lair.
  8439 | D:8      | Reached skill level 15 in Axes
  8491 | D:9      | Noticed Grum
  8504 | D:9      | Killed Grum
  8863 | D:9      | Reached skill level 16 in Axes
  8992 | D:9      | Found a blossoming altar of Fedhas.
  9146 | D:10     | Entered Level 10 of the Dungeon
  9247 | D:10     | Reached XP level 11. HP: 94/94 MP: 10/10
  9256 | D:10     | Reached ***** piety under Trog
  9403 | D:10     | Noticed a two-headed ogre
  9414 | D:10     | Killed a two-headed ogre
  9540 | D:10     | Found a portal to a secret trove of treasure.
  9723 | D:10     | Found a staircase to the Orcish Mines.
 10267 | D:11     | Reached skill level 17 in Axes
 10403 | D:11     | Received a gift from Trog
 10408 | D:11     | Noticed a two-headed ogre
 10421 | D:11     | Killed a two-headed ogre
 10771 | D:11     | Noticed a two-headed ogre
 10788 | D:11     | Killed a two-headed ogre
 11050 | D:11     | Reached skill level 18 in Axes
 11104 | D:11     | Noticed a four-headed hydra
 11139 | D:11     | Killed a one-headed hydra
 11318 | D:11     | Reached XP level 12. HP: 96/106 MP: 11/11
 11386 | D:11     | Noticed a centaur warrior
 11390 | D:11     | Killed a centaur warrior
 11745 | D:11     | Noticed a seven-headed hydra
 11751 | D:11     | Killed a five-headed hydra
 11751 | D:11     | Reached skill level 10 in Fighting
 12044 | D:11     | Noticed a two-headed ogre
 12055 | D:11     | Killed a two-headed ogre
 12056 | D:11     | Reached skill level 10 in Armour
 12340 | Lair:1   | Entered Level 1 of the Lair of Beasts
 12356 | Lair:1   | Noticed a seven-headed hydra
 12363 | Lair:1   | Killed a four-headed hydra
 12597 | Lair:1   | Reached skill level 19 in Axes
 12732 | Lair:1   | Noticed Fannar
 12747 | Lair:1   | Killed Fannar
 13115 | Lair:2   | Found a staircase to the Snake Pit.
 13323 | Lair:2   | Noticed a seven-headed hydra
 13332 | Lair:2   | Killed a four-headed hydra
 13864 | Lair:2   | Reached XP level 13. HP: 115/115 MP: 12/12
 13911 | Lair:2   | Found a staircase to the Shoals.
 14462 | Lair:3   | Reached skill level 20 in Axes
 14741 | Lair:3   | Found a frozen archway.
 15158 | Lair:3   | Got a brightly glowing cloak
 15159 | Lair:3   | Identified the -4 cloak "Huonweith" {Str+3 Int-5 Dex+2}
                  | (You found it on level 3 of the Lair of Beasts)
 15814 | Lair:4   | Received a gift from Trog
 16746 | Lair:5   | Found a staircase to the Slime Pits.
 17372 | Lair:6   | Entered Level 6 of the Lair of Beasts
 17786 | Lair:6   | Reached skill level 21 in Axes
 18302 | Lair:6   | Reached XP level 14. HP: 126/126 MP: 13/13
 18418 | Lair:6   | Received a gift from Trog
 19761 | Orc:1    | Entered Level 1 of the Orcish Mines
 19764 | Orc:1    | Paralysed by an orc sorcerer for 4 turns
 20007 | Orc:2    | Entered Level 2 of the Orcish Mines
 20007 | Orc:2    | Found a staircase to the Elven Halls.
 20018 | Orc:2    | Found Enoesuos's General Store.
 20019 | Orc:2    | Reached skill level 22 in Axes
 20631 | Orc:2    | Found Fachacul's Antique Weapon Shoppe.
 20670 | Orc:2    | Noticed an orc warlord
 20680 | Orc:2    | Killed an orc warlord
 20684 | Orc:2    | Noticed an orc warlord
 20702 | Orc:2    | HP: 5/129 [orc warlord/+0 battleaxe (21)]
 20702 | Orc:2    | HP: 2/129 [orc warrior/boomerang (3)]
 20702 | Orc:2    | Mangled by an orc warrior

Illustrated notes

Levels and vault maps discovered:
D:1:      heliophobic_arrival_glass_houses, layout_basic
D:2:      layout_loops_ring, nicolae_overflow_hidden_temple,
          chequers_ecumenical_altar_simple, minivault_5
D:3:      layout_basic, cheibrodos_sewer_entry_bend
D:4:      layout_cave_pools, tgw_trog, minmay_temple_entry_mist,
          guppyfry_early_orc_mine, uniq_edmund
D:5:      kennysheep_kobold_camp, layout_basic, serial_shops, shop_scrolls,
          nicolae_sextant, nicolae_ru_sacrificial_ziggurat, uniq_sigmund
D:6:      layout_basic, serial_shops, nicolae_shop_trees, uniq_pikel,
          uniq_menkaure
D:7:      layout_gridville, gammafunk_temple_overflow_elements,
          kennysheep_generic_room_8, uniq_crazy_yiuf_cottage
D:8:      layout_gridville, minmay_lair_entry_grove, serial_shops, shop,
          uniq_maurice
D:9:      layout_loops_ring, fedhas_altar_2, uniq_grum
D:10:     layout_rooms, kennysheep_orc_monster_closet_entryway, enter_trove_0
D:11:     layout_stronghold, minmay_the_grid_2x2
          [minmay_the_grid_minigrid_large, minmay_the_grid_minigrid_small,
          minmay_the_grid_aliased_spiral, minmay_the_grid_prize_big_room]
D:12:     layout_stronghold, uniq_snorg, uniq_kirke
Lair:1:   layout_misc_corridors, uniq_fannar
Lair:2:   layout_roguey, minmay_shoals_entry_centaurs,
          guppyfry_snake_entry_island, grunt_forest_large_clearing_hut
Lair:3:   layout_gridlike, portal_ice_cave_entry_ice_beasts, grunt_megastairs_5
Lair:4:   layout_misc_corridors, fungi_pond_lemuel,
          chequers_serial_rivers_micro_c, lemuel_fruit_tree
Lair:5:   layout_hall_layers, dpeg_slime_entry_corner
Lair:6:   due_jungle_book, layout_regular_city, grunt_megastairs_4
Orc:1:    layout_caves, uniq_urug
Orc:2:    grunt_orc_gardens, layout_caves, grunt_orc_garden, grunt_orc_garden,
          grunt_orc_garden, grunt_orc_garden

Skill      XL: |  1  2  3  4  5  6  7  8  9 10 11 12 13 14 |
---------------+-------------------------------------------+-----
Fighting       | 4 5 6 7 8 9 10 12 13 | 13.1
Axes           | 4 5 6 7 9 12 14 16 18 19 21 22 | 22.4
Armour         | 3 4 5 6 7 8 9 11 12 13 | 13.3
Throwing       | 1 2 3 |  3.3
Dodging        | 3 |  3.2
Stealth        | |  0.1

Action                   |  1- 3 |  4- 6 |  7- 9 | 10-12 | 13-15 || total
-------------------------+-------+-------+-------+-------+-------++-------
Melee: Hand axe          |    92 |   156 |    13 |       |       ||   261
       Headbutt          |    18 |    34 |    50 |    99 |    89 ||   290
       Battleaxe         |       |       |   250 |   401 |   278 ||   929
       Executioner's axe |       |       |       |       |   133 ||   133
Throw: Stone             |       |       |    13 |    28 |    33 ||    74
Invok: Berserk           |       |     1 |     4 |    10 |     2 ||    17
       Trog's Hand       |       |     1 |     5 |     8 |     3 ||    17
       Brothers in Arms  |       |       |       |     1 |     2 ||     3
  Use: Scroll            |       |     1 |     8 |    14 |     6 ||    29
       Potion            |       |       |     1 |       |     6 ||     7
Armor: Animal skin       |    11 |       |       |       |       ||    11
       Scale mail        |    15 |    13 |       |       |       ||    28
       Plate armour      |       |    69 |   178 |   257 |   202 ||   706
Dodge: Dodged            |    66 |    70 |    98 |   153 |   152 ||   539

Table legend: (Time is in decaauts)
 A = Elapsed time spent in this place.
 B = Non-inter-level travel time spent in this place.
 C = Inter-level travel time spent in this place.
 D = Time resting spent in this place.
 E = Time spent auto-exploring this place.
 F = Levels seen in this place.
 G = Mean time per level.
                   A        B        C        D        E       F      G
               +--------+--------+--------+--------+--------+-----+--------+
         Total |  20771 |  20085 |    686 |   6569 |   9462 |  20 | 1038.6 |
       Dungeon |  12675 |  12192 |    483 |   3673 |   6151 |  12 | 1056.2 |
          Lair |   7275 |   7072 |    203 |   2562 |   3241 |   6 | 1212.5 |
  Orcish Mines |    820 |    820 |      0 |    333 |     70 |   2 |  410.0 |
               +--------+--------+--------+--------+--------+-----+--------+

Top non-repeatable levels by time:
  Lair:6: 2164 daAuts
    D:11: 1919 daAuts
     D:1: 1447 daAuts
  Lair:2: 1410 daAuts
  Lair:3: 1331 daAuts
     D:5: 1309 daAuts
     D:7: 1268 daAuts
     D:2: 1221 daAuts
     D:3: 1163 daAuts
    D:10: 1136 daAuts
  Lair:5: 932 daAuts
     D:8: 901 daAuts
     D:4: 878 daAuts
  Lair:1: 771 daAuts
     D:9: 728 daAuts
